 Dungeon Crawl Stone Soup version 0.30.0-13-g156ef70053 (webtiles) character file.

Game seed: 10367844352235960152

448 GigaChad the Covered (level 6, -1/55 HPs)
             Began as an Armataur Fighter on May 17, 2023.
             Killed from afar by Blork the orc (7 damage)
             ... with a puff of frost
             ... on level 4 of the Dungeon.
             The game lasted 00:03:14 (2833 turns).

GigaChad the Covered (Armataur Fighter)             Turns: 2833, Time: 00:03:14

Health: -1/55      AC: 10    Str: 23    XL:     6   Next: 73%
Magic:  6/6        EV:  4    Int:  9    God:
Gold:   156        SH:  4    Dex:  9    Spells: 5/5 levels left

rFire   . . .        a - +0 war axe
rCold   . . .        c - +0 buckler
rNeg    . . .        u - +0 plate armour
rPois   .            (no helmet)
rElec   .            (no cloak)
rCorr   .            (no gloves)
SInv    .            (no barding)
Will    .....        (no amulet) Stlth
                     (no ring)
HPRegen 0.29/turn    (no ring)
MPRegen 0.10/turn

%: roll
@: no status effects
A: large, rugged brown scales 3, deformed body, armoured tail, roll, long
tongue, awkward tongue
a: no special abilities


You were on level 4 of the Dungeon.
You visited 1 branch of the dungeon, and saw 4 of its levels.

You collected 156 gold pieces.

Inventory:

Hand Weapons
 a - a +0 war axe (weapon)
Armour
 b - a +1 scale mail
 c - a +0 buckler (worn)
 r - a +1 chain mail
 u - a +0 plate armour (worn)
Scrolls
 e - a scroll of blinking
 i - 2 scrolls of fog
 j - a scroll of vulnerability
 s - a scroll of noise
 t - a scroll of identify
 v - 2 scrolls of teleportation
Potions
 d - 2 potions of might
 f - a potion of ambrosia {unknown}
 g - 2 potions of invisibility {unknown}
 h - a potion of resistance {unknown}
 k - 2 potions of magic {unknown}
 l - a potion of brilliance {unknown}
 m - 3 potions of curing
 n - a potion of flight {unknown}
 o - 2 potions of cancellation {unknown}
 p - 2 potions of mutation {unknown}
 q - a potion of degeneration {unknown}


   Skills:
 * Level 3.9 Fighting
 * Level 4.4 Axes
 * Level 5.0 Armour
 * Level 4.3 Shields


You had 5 spell levels left.
You didn't know any spells.
Your spell library contained the following spells:

 Spells                   Type           Power      Damage    Failure   Level
 Apportation              Tloc           0%         N/A       100%        1
 Necrotise                Necr           0%         1d4       100%        1
 Summon Small Mammal      Summ           0%         N/A       100%        1
 Dazzling Flash           Conj/Hex       0%         N/A       100%        3
 Agony                    Necr           0%         N/A       100%        5
 Silence                  Hex/Air        0%         N/A       100%        5


Dungeon Overview and Level Annotations

Branches:
Dungeon (4/15)
 Temple: D:4-7

Altars:
Ashenzari
Fedhas
Kikubaaqudgha
Nemelex Xobeh
Sif Muna

Shops:
D:4 (?!

Annotations:
D:4 Blork the orc


Innate Abilities, Weirdness & Mutations

You are completely covered in rugged brown scales. (AC +3, +7% HP)
Armour fits poorly on your strangely shaped body.
You have a long armoured tail.
You roll when moving toward enemies. (Rampage)
Your long tongue fully drains potion bottles. (2x potion effects)
Your tongue gives you trouble enunciating. (1.5x scroll delay)


Message History

Blork the orc hits you with a +0 hand axe.
You block Blork the orc's attack.
Blork the orc is nearby!
Unknown command.
You closely miss Blork the orc.
Blork the orc is lightly wounded.
Blork the orc points at you and mumbles some strange words.
The magic dart hits you but does no damage.
You closely miss Blork the orc.
Your tail-slap misses Blork the orc.
Blork the orc is lightly wounded.
Blork the orc hits you with a +0 hand axe.
Unknown command.
Unknown command.
You are too injured to fight recklessly!
Unknown command.
You are too injured to fight recklessly!
Unknown command.
You are too injured to fight recklessly!
Unknown command.
You are too injured to fight recklessly!
Unknown command.
You are too injured to fight recklessly!
Blork the orc hits you with a +0 hand axe.
You hit Blork the orc.
Blork the orc is moderately wounded.
Blork the orc hits you with a +0 hand axe.
Blork the orc hits you with a +0 hand axe!
You slash Blork the orc! You tail-slap Blork the orc!
Blork the orc is almost dead.
Blork the orc casts a spell at you. The puff of flame hits you!
* * * LOW HITPOINT WARNING * * *
You closely miss Blork the orc.
Blork the orc is almost dead.
Blork the orc barely misses you.
You closely miss Blork the orc.
Blork the orc is almost dead.
Blork the orc casts a spell at you. The puff of frost hits you!
You die...

########### #####
..........# ....#
..........# ....#
......o@..#######
....#
>...............#
....#
..#####.........#
....# #.....!...#
## ....#
#.........# ...
....#
#..)......##...
#####
#..........'...
#.........##..
#.........#


You could see Blork the orc.

Vanquished Creatures
  Sigmund (D:4)
  An ogre (D:4)
  A jelly (D:4)
  Jessica (D:3)
  An iguana (D:4)
  5 adders
  A shadow imp (D:4)
  A worm (D:4)
  2 dart slugs
  8 orcs
  11 endoplasms
  2 giant cockroaches
  6 goblins
  3 hobgoblins
  3 jackals (D:1)
  4 quokkas
  4 ball pythons
  7 bats
  3 frilled lizards
  6 kobolds
  3 rats
74 creatures vanquished.

Notes
Turn   | Place    | Note
-------+----------+-------------------------------------------
     0 | D:1      | GigaChad the Armataur Fighter began the quest for the Orb.
     0 | D:1      | Reached XP level 1. HP: 19/19 MP: 1/1
   100 | D:1      | Reached XP level 2. HP: 26/26 MP: 2/2
   208 | D:1      | Reached skill level 4 in Armour
   658 | D:2      | Reached XP level 3. HP: 32/33 MP: 3/3
   792 | D:2      | Found a faded altar of an unknown god.
  1039 | D:2      | Found a shimmering blue altar of Sif Muna.
  1255 | D:3      | Reached XP level 4. HP: 11/40 MP: 4/4
  1560 | D:3      | Found a sparkling altar of Nemelex Xobeh.
  1562 | D:3      | Found an ancient bone altar of Kikubaaqudgha.
  1565 | D:3      | Found a blossoming altar of Fedhas.
  1565 | D:3      | Found a broken altar of Ashenzari.
  1881 | D:3      | Noticed Jessica
  1896 | D:3      | Killed Jessica
  2146 | D:4      | Found Plog's Weapon Boutique.
  2160 | D:4      | Reached XP level 5. HP: 24/48 MP: 5/5
  2260 | D:4      | Found Avvec's Magic Scroll Boutique.
  2533 | D:4      | Noticed Sigmund
  2541 | D:4      | Killed Sigmund
  2542 | D:4      | Reached XP level 6. HP: 47/55 MP: 6/6
  2587 | D:4      | Found Rail's Distillery.
  2697 | D:4      | Reached skill level 5 in Armour
  2820 | D:4      | Noticed Blork the orc
  2833 | D:4      | Killed from afar by Blork the orc

Illustrated notes

Levels and vault maps discovered:
D:1:      scummos_arrival_star, layout_basic
D:2:      layout_basic, basic_altar, shapermc_ecumenical_altar_gd,
          grunt_ministairs_14
D:3:      layout_basic, grunt_temple_overflow_open, dk_noncrumbling_3,
          uniq_jessica
D:4:      layout_basic, serial_shops, shop_scrolls, shop, shop,
          minmay_surrounded, uniq_blork_the_orc, uniq_sigmund

Skill      XL: |  1  2  3  4  5  6 |
---------------+-------------------+-----
Armour         | 4 5 |  5.0
Axes           | 2 3 4 |  4.4
Fighting       | 3 |  3.9
Shields        | 4 |  4.3

Action                     |  1- 3 |  4- 6 || total
---------------------------+-------+-------++-------
  Melee: War axe           |    98 |    95 ||   193
         Tailslap          |     6 |    13 ||    19
    Use: Scroll            |     5 |     3 ||     8
 Armour: Scale mail        |    65 |    16 ||    81
         Chain mail        |       |    29 ||    29
         Plate armour      |       |     7 ||     7
  Dodge: Dodged            |    44 |    39 ||    83
  Block: Buckler           |    23 |    21 ||    44
